 Dungeon Crawl Stone Soup version 0.26-b1-32-g5d43845318 (webtiles) character file.

Game seed: 7577279385350477740

3412 Borgoz the Fighter (level 10, -3/106 HPs)
             Began as an Ogre Berserker on Jan 10, 2021.
             Was an Elder of Trog.
             Slain by a warg (11 damage)
             ... on level 8 of the Dungeon.
             The game lasted 00:13:29 (11857 turns).

Borgoz the Fighter (Ogre Berserker)                Turns: 11857, Time: 00:13:29

Health: -3/106     AC:  4    Str: 30    XL:     10   Next: 4%
Magic:  10/10      EV: 13    Int:  8    God:    Trog [****..]
Gold:   159        SH:  5    Dex: 10    Spells: 9/9 levels left

rFire    . . .     SeeInvis .   E - +0 flail (protect)
rCold    . . .     Faith    .   (no shield)
rNeg     . . .     Spirit   .   b - +0 animal skin
rPois    +         Reflect  +   (helmet restricted)
rElec    .         Harm     .   d - +0 cloak
rCorr    .         Rampage  .   (gloves unavailable)
Will     +....                  (boots unavailable)
Stlth    +.........             j - amulet of reflection
HPRegen  0.27/turn              a - ring of poison resistance
MPRegen  0.12/turn              v - +6 ring of strength

@: about to teleport, marked, berserk cooldown, slowed, very slow
A: large, unfitting armour, tough skin 1
a: Renounce Religion, Berserk, Trog's Hand, Brothers in Arms


You were on level 8 of the Dungeon.
You worshipped Trog.
Trog was greatly pleased with you.
You visited 1 branch of the dungeon, and saw 8 of its levels.

You collected 314 gold pieces.
You spent 155 gold pieces at shops.

Inventory:

Hand Weapons
 E - a +0 flail of protection (weapon)
Missiles
 C - a throwing net (quivered)
Armour
 b - a +0 animal skin (worn)
 d - a +0 cloak (worn)
Jewellery
 a - a ring of poison resistance (left hand)
 j - an amulet of reflection (around neck)
 m - an uncursed ring of flight
 t - an uncursed ring of fire
 v - a +6 ring of strength (right hand)
Wands
 g - a wand of acid (7)
 y - a wand of iceblast (8)
 D - a wand of digging (7)
 G - a wand of paralysis (9)
Scrolls
 c - 4 scrolls of remove curse
 f - 3 scrolls of teleportation
 k - a scroll of blinking {unknown}
 l - a scroll of enchant weapon {unknown}
 n - a scroll of fear {unknown}
 q - a scroll of fog {unknown}
 s - 2 scrolls of immolation {unknown}
 w - 2 scrolls of magic mapping {unknown}
 A - a scroll of amnesia {unknown}
 B - a scroll of vulnerability {unknown}
Potions
 e - a potion of ambrosia {unknown}
 h - a potion of might
 i - a potion of lignification
 o - a potion of cancellation
 p - 2 potions of brilliance {unknown}
 r - a potion of heal wounds
 u - 2 potions of curing {unknown}
 x - a potion of resistance
 z - 2 potions of mutation
 F - 2 potions of haste


   Skills:
 + Level 8.4 Fighting
 * Level 7.8 Maces & Flails
 + Level 4.5 Armour
 * Level 8.0 Dodging


You had 9 spell levels left.
You didn't know any spells.
Your spell library was empty.

Dungeon Overview and Level Annotations

Branches:
Dungeon (8/15)             Temple (0/1) D:5            Lair (0/6) D:8

Altars:
Dithmenos
Elyvilon
Hepliaklqana
Makhleb
Qazlal
Sif Muna
Trog
Yredelemnul

Shops:
D:5 *

Annotations:
D:6 2 transporters


Innate Abilities, Weirdness & Mutations

You are too large for most types of armour.
You have tough skin. (AC +1)


Message History

You feel your anger nearly subside. 2 killer bees and a zombie come into view.
You are no longer berserk.
You are exhausted.
You feel yourself slow down. The orc wizard closely misses you.
As you read the scroll of teleportation, it crumbles to dust.
You feel strangely unstable. You block the orc wizard's attack.
The howler monkey hoots and howls with incredible vigour!
A killer bee comes into view.
The killer bee stings you.
* * * LOW HITPOINT WARNING * * *
You block the wight's attack. The killer bee misses you.
The orc wizard misses you. The warg barely misses you.
The killer bee barely misses you. The wight barely misses you.
The killer bee stings you.
* * * LOW HITPOINT WARNING * * *
The orc wizard hits you with a +0 dagger of protection.
* * * LOW HITPOINT WARNING * * *
The warg bites you!
You die...

.....#........##.......
.........)........#..#.
...##.))†........#...# #...
..................#....
..#...##...y................
..... ##.......>...........
.....## #...Z.............#
.......##.##oO.(..........#
.....h..#ly@r.........#..##
.......hhhhy..........# ..#
..>......z.z..........# .#
......))F...........### ..
......).##......#....# .
.......###......#....#
.....## #.......##...# .#...
#....#..####### ..#.
......####


You could see 2 wargs, a wyvern, an ogre, a bullfrog, 2 howler monkeys, 2 killer
bees, 2 wights, an orc wizard (fast), an adder zombie and a quokka.

Vanquished Creatures
  A two-headed ogre (D:8)
  A warg (D:8)
  Edmund (D:6)
  2 sky beasts
  3 ogres
  An ice beast (D:5)
  3 phantoms
  A centaur (D:6)
  4 bullfrogs
  3 scorpions
  3 killer bees (D:7)
  A wight (D:8)
  A crimson imp (D:7)
  A centaur zombie (D:7)
  A centaur skeleton (D:7)
  A gnoll shaman (D:7)
  2 hounds
  A bullfrog skeleton (D:5)
  3 orc priests
  2 iguanas
  A jelly (D:6)
  10 orc wizards
  Jessica (D:2)
  3 worker ants
  A worker ant zombie (D:6)
  4 gnolls (D:7)
  12 adders
  4 shadow imps
  A white imp (D:8)
  An ufetubus (D:7)
  An adder zombie (D:6)
  2 worms
  2 dart slugs (D:1)
  5 leopard geckos
  32 orcs
  4 ball pythons
  14 bats
  8 giant cockroaches
  7 goblins
  3 hobgoblins
  5 jackals
  9 kobolds
  8 quokkas
  A ball python skeleton (D:4)
  6 frilled lizards
  A jackal skeleton (D:5)
  A quokka zombie (D:7)
  9 rats
  A spectral orc (D:4)
193 creatures vanquished.

Vanquished Creatures (others)
  8 plants
8 creatures vanquished.

Grand Total: 201 creatures vanquished

Notes
Turn   | Place    | Note
-------+----------+-------------------------------------------
     0 | D:1      | Borgoz the Ogre Berserker began the quest for the Orb.
     0 | D:1      | Reached XP level 1. HP: 24/24 MP: 1/1
   106 | D:1      | Reached XP level 2. HP: 31/32 MP: 2/2
   547 | D:1      | Reached XP level 3. HP: 22/39 MP: 3/3
   606 | D:1      | Reached ** piety under Trog
   809 | D:1      | You fall into a shaft and drop 1 floor!
  1302 | D:2      | You fall into a shaft and drop 1 floor!
  1815 | D:2      | Found a stormy altar of Qazlal.
  1827 | D:2      | Reached XP level 4. HP: 34/49 MP: 4/4
  2008 | D:2      | Reached skill level 1 in Armour
  2397 | D:2      | Noticed Jessica
  2407 | D:2      | Killed Jessica
  2932 | D:3      | Reached XP level 5. HP: 45/55 MP: 5/5
  4204 | D:4      | Reached *** piety under Trog
  4393 | D:4      | Noticed an ogre
  4402 | D:4      | Killed an ogre
  4403 | D:4      | Reached skill level 5 in Fighting
  4403 | D:4      | Reached XP level 6. HP: 27/66 MP: 6/6
  4770 | D:4      | Found a basalt altar of Yredelemnul.
  5382 | D:5      | Entered Level 5 of the Dungeon
  5566 | D:5      | Noticed an ice beast
  5567 | D:5      | Found a staircase to the Ecumenical Temple.
  5579 | D:5      | Killed an ice beast
  5580 | D:5      | Reached XP level 7. HP: 18/72 MP: 7/7
  6248 | D:5      | Found Pateh's Assorted Antiques.
  6276 | D:5      | Reached skill level 5 in Dodging
  6313 | D:5      | HP: 3/74 [phantom (8)]
  6416 | D:5      | Reached skill level 5 in Maces & Flails
  6425 | D:5      | Bought a moonstone ring for 155 gold pieces
  7341 | D:5      | Found a hazy altar of Hepliaklqana.
  7341 | D:5      | Found a bloodstained altar of Trog.
  7471 | D:5      | Reached XP level 8. HP: 33/83 MP: 8/8
  8725 | D:6      | Found a white marble altar of Elyvilon.
  8807 | D:6      | Found a transporter.
  8975 | D:6      | Found a transporter.
  9305 | D:6      | Noticed Edmund
  9319 | D:6      | Killed Edmund
  9882 | D:7      | Reached XP level 9. HP: 93/93 MP: 9/9
 10003 | D:7      | Reached **** piety under Trog
 10614 | D:7      | Found a shadowy altar of Dithmenos.
 10756 | D:7      | Found a shimmering blue altar of Sif Muna.
 11108 | D:7      | Found a burning altar of Makhleb.
 11499 | D:8      | Noticed a two-headed ogre
 11507 | D:8      | Killed a two-headed ogre
 11833 | D:8      | Reached XP level 10. HP: 53/104 MP: 10/10
 11836 | D:8      | Found a staircase to the Lair.
 11857 | D:8      | Slain by a warg

Illustrated notes

Levels and vault maps discovered:
D:1:      lemuel_arrival_broad_hall, layout_rooms,
          wander_ebering_terrifying_dragon_lair
D:2:      layout_loops_ring, nicolae_qazlal_general_emergency, uniq_jessica
D:3:      layout_loops_cross, kennysheep_generic_room_4
D:4:      layout_basic, yredelemnul_forgotten_temple_becter, serial_glass,
          glass_columns_b, glass_columns_b, glass_columns_b, glass_columns_b,
          glass_columns_c, glass_columns_b
D:5:      layout_loops_ring, gammafunk_temple_overflow_elements, temple_pool_b,
          serial_shops, nicolae_shop_trees
D:6:      layout_basic, nicolae_overflow_hidden_temple,
          gammafunk_ghost_gnarly_gnolls, uniq_edmund
D:7:      layout_loops_ring, grunt_dithmenos_shadows, makhleb_grotto_becter,
          kennysheep_mini_moat, minmay_misc_feat_encased
D:8:      layout_cave_pools, erik_lair_orcish_takeover,
          minmay_misc_feat_ornament, trog_three_pillars_becter

Skill      XL: |  1  2  3  4  5  6  7  8  9 10 |
---------------+-------------------------------+-----
Dodging        | 3 4 5 6 7 8 |  8.0
Maces & Flails | 3 4 5 6 7 |  7.8
Armour         | 1 2 3 4 |  4.5
Fighting       | 5 6 7 8 |  8.4

Action                   |  1- 3 |  4- 6 |  7- 9 | 10-12 || total
-------------------------+-------+-------+-------+-------++-------
Melee: Mace              |   130 |   220 |   198 |       ||   548
       Flail             |       |       |   268 |    12 ||   280
Invok: Berserk           |       |     2 |     8 |     1 ||    11
       Trog's Hand       |       |       |     4 |       ||     4
Evoke: Wand              |       |       |     3 |       ||     3
  Use: Potion            |       |     1 |       |       ||     1
       Scroll            |       |       |    10 |     1 ||    11
 Stab: Sleeping          |     1 |       |     1 |       ||     2
Armor: Animal skin       |    51 |    45 |   110 |     3 ||   209
Dodge: Dodged            |    92 |    97 |   249 |    15 ||   453
Block: Other             |     3 |    49 |   116 |     5 ||   173
       Reflection        |       |     1 |       |       ||     1
